 Dungeon Crawl Stone Soup version 0.31-a0-986-g5e6e4ef867 (webtiles) character file.

Game seed: 17600345310627185100

497 Zonian the Conjurer (level 6, -7/48 HPs)
             Began as a Deep Elf Conjurer on Nov 12, 2023.
             Mangled by a hornet zombie (9 damage)
             ... in an ossuary.
             The game lasted 00:08:43 (3319 turns).

Zonian the Conjurer (Deep Elf Conjurer)             Turns: 3319, Time: 00:08:44

Health: -7/48      AC:  3    Str:  4    XL:     6   Next: 93%
Magic:  1/15       EV: 13    Int: 25    God:
Gold:   139        SH:  0    Dex: 13    Spells: 5/14 levels left

rFire   . . .        l - +1 dagger (pain) {short}
rCold   . . .        (no shield)
rNeg    . . .        a - +0 robe
rPois   .            (no helmet)
rElec   .            f - +0 cloak
rCorr   .            (no gloves)
SInv    .            (no boots)
Will    .....        (no amulet) Stlth
                     (no ring)
HPRegen 0.28/turn    (no ring)
MPRegen 0.14/turn

%: no passive effects
@: berserking (expiring), very quick
A: no striking features
a: no special abilities


You were in an ossuary.
You visited 1 branch of the dungeon, and saw 4 of its levels.
You also visited: Ossuary.

You collected 139 gold pieces.


   Skills:
 + Level 4.2 Dodging
 + Level 4.6 Stealth
 + Level 4.9 Spellcasting
 + Level 5.5 Conjurations
 + Level 2.8 Hexes
 + Level 1.9 Air Magic
 + Level 2.1 Poison Magic


You had 5 spell levels left.
You knew the following spells:

 Your Spells              Type           Power      Damage    Failure   Level
a - Magic Dart            Conj           100%       1d8       1%          1
b - Searing Ray           Conj           66%        2d6       1%          2
c - Dazzling Flash        Conj/Hex       54%        N/A       4%          3
d - Mephitic Cloud        Conj/Pois/Air  22%        N/A       7%          3

Your spell library contained the following spells:

 Spells                   Type           Power      Damage    Failure   Level
 Jinxbite                 Hex            40%        N/A       4%          2
 Apportation              Tloc           12%        N/A       9%          1
 Call Imp                 Summ           12%        N/A       13%         2
 Fulminant Prism          Conj/Hex       13%        3d8       16%         4
 Iskenderun's Mystic Bla  Conj/Tloc      19%        2d6       26%         4
 Alistair's Intoxication  Tmut/Pois      7%         N/A       83%         5

Inventory:

Hand Weapons
 c - a +0 short sword {short}
   (You took it off a kobold on level 1 of the Dungeon)
 e - a +0 whip {mace}
   (You took it off a kobold on level 1 of the Dungeon)
 g - a +0 dagger {short}
   (You took it off a goblin on level 1 of the Dungeon)
 h - a +0 club {mace}
   (You took it off a goblin on level 1 of the Dungeon)
 l - a +1 dagger of pain (weapon) {short}
   (You found it on level 1 of the Dungeon)
Missiles
 d - 3 curare-tipped darts {=fthrowing}
Armour
 a - a +0 robe (worn)
 f - a +0 cloak (worn)
   (You found it on level 1 of the Dungeon)
Scrolls
 k - a scroll of noise {!r}
 m - a scroll of silence {!r}
Potions
 i - a potion of resistance
 j - a potion of berserk rage {!q}
 n - a potion of brilliance {unknown}
 o - a potion of lignification {unknown}

Dungeon Overview and Level Annotations

Branches:
Dungeon (4/15) Zot: 20724 Ossuary (1/1) Zot: 5959
 Temple: D:4-7

Altars:
Vehumet
Wu Jian
Yredelemnul
Zin

≈≈ ≈M#
###
~P#.~
#.~.#+
~~.~
##~##
#...#
#Z∩.#
#∩@.#
#####


You could see a mummy and a hornet zombie.


Message History

😮 HP[-3] MP[-2]
You take 3 damage, and now have 22/32 hp.
You lost 2 mp, and now have 5/15 mp.
Unknown command.
The searing ray hits the hornet zombie.
The hornet zombie hits you!
* * * LOW HITPOINT WARNING * * *
😨 HP[-10] MP[-1]
You take 10 damage, and now have 12/32 hp.
MASSIVE DAMAGE!! (PAUSE)
You lost 1 mp, and now have 4/15 mp.
The searing ray hits the hornet zombie.
The hornet zombie hits you.
* * * LOW HITPOINT WARNING * * *
The hornet zombie misses you. 😨 HP[-1] MP[-1]
You take 1 damage, and now have 11/32 hp.
You lost 1 mp, and now have 3/15 mp.
Unknown command.
The searing ray hits the hornet zombie!
You finish channelling your searing ray.
The hornet zombie barely misses you. 😨 MP[-1]
You lost 1 mp, and now have 2/15 mp.
Unknown command.
Casting: Searing Ray (safe; 1% risk of failure)
Confirm with . or Enter, or press ? or * to list all spells.
Aiming: Searing Ray (safe; 1% risk of failure)
Press: ? - help, Shift-Dir - straight line, f/p - hornet zombie
Aim: a hornet zombie (almost destroyed, 83% to hit)
The searing ray hits the hornet zombie!
You destroy the hornet zombie! (Press . to maintain the ray.)
Your Poison Magic skill increases to level 2! 😨 HP[+1] MP[-2]
You lost 2 mp, and now have 0/15 mp.
Unknown command.
There is an empty arch of ancient stone here. 😨 MP[+1]
You start resting.
A killer bee zombie comes into view. 😨 HP[+3] MP[+2]
You regained 3 hp, and now have 15/32 hp.
You regained 2 mp, and now have 3/15 mp.
A killer bee zombie is nearby!
Unknown command. 😨 HP[+1] Unknown command.
Casting: Searing Ray (safe; 1% risk of failure)
Confirm with . or Enter, or press ? or * to list all spells.
Aiming: Searing Ray (safe; 1% risk of failure)
Press: ? - help, Shift-Dir - straight line, f - killer bee zombie
Aim: a killer bee zombie (73% to hit)
The searing ray hits the killer bee zombie. (Press . to maintain the ray.)
The killer bee zombie hits you.
* * * LOW HITPOINT WARNING * * *
A hornet zombie comes into view.
The killer bee zombie hits you but does no damage. 😨 HP[-5] MP[-2]
You take 5 damage, and now have 11/32 hp.
You lost 2 mp, and now have 1/15 mp.
Unknown command.
The searing ray hits the killer bee zombie.
The killer bee zombie hits you.
* * * LOW HITPOINT WARNING * * *
The killer bee zombie closely misses you. 😨 HP[-1] MP[-1]
You take 1 damage, and now have 10/32 hp.
You lost 1 mp, and now have 0/15 mp.
Unknown command.
A red film seems to cover your vision as you go berserk!
You feel yourself moving faster!
You feel mighty!
The killer bee zombie hits you but does no damage.
The killer bee zombie hits you.
* * * LOW HITPOINT WARNING * * *
😱 HP[+2]
You now have 48 max hp (+16).
You regained 2 hp, and now have 12/48 hp.
Unknown command.
You puncture the killer bee zombie! The killer bee zombie hits you.
* * * LOW HITPOINT WARNING * * *
😱 HP[-2]
You take 2 damage, and now have 10/48 hp.
You puncture the killer bee zombie!
You destroy the killer bee zombie!
The hornet zombie hits you!
* * * LOW HITPOINT WARNING * * *
😱 HP[-9]
You take 9 damage, and now have 1/48 hp.
Unknown command.
You puncture the hornet zombie! You hit the hornet zombie.
The hornet zombie completely misses you. 😱 HP[+1]
You barely miss the hornet zombie.
The hornet zombie completely misses you. 😱 MP[+1]
You hit the hornet zombie. The hornet zombie barely misses you.
A mummy comes into view.
You closely miss the hornet zombie. The hornet zombie hits you!
You die...

Skill      XL: |  1  2  3  4  5  6 |
---------------+-------------------+-----
Stealth        | 3 4 |  4.6
Dodging        | 3 4 |  4.2
Spellcasting   | 4 |  4.9
Conjurations   | 5 |  5.5
Hexes          | 1 2 |  2.8
Air Magic      | 1 |  1.9
Poison Magic   | 1 2 |  2.1

Action                     |  1- 3 |  4- 6 || total
---------------------------+-------+-------++-------
  Melee: Dagger            |       |     7 ||     7
   Cast: Magic Dart        |    93 |    41 ||   134
         Searing Ray       |       |    10 ||    10
    Use: Scroll            |     4 |     4 ||     8
         Potion            |       |     3 ||     3
 Armour: Robe              |     5 |    21 ||    26
  Dodge: Dodged            |     7 |    14 ||    21

Levels and vault maps discovered:
D:1:      saegor_arrival_simple_b, layout_rooms, serial_forest,
          infiniplex_forest_straight_4, infiniplex_forest_straight_2,
          infiniplex_forest_end_2, infiniplex_forest_clump_small,
          infiniplex_forest_lined_3, infiniplex_forest_clump_long,
          infiniplex_forest_clump_double, amcnicky_mini_pool_small
D:2:      layout_basic, minmay_cut_off
D:3:      layout_rooms, ebering_ghost_disaster_area, hellmonk_no_cap, uniq_ijyb
D:4:      layout_cave_pools, grunt_temple_overflow_open,
          ebering_ghost_inner_flame, enter_ossuary_2, minmay_pentomino_pile,
          uniq_menkaure
Ossuary:  ossuary_zaba_flooded

Notes
Turn   | Place    | Note
-------+----------+-------------------------------------------
     0 | D:1      | Zonian the Deep Elf Conjurer began the quest for the Orb.
     0 | D:1      | Reached XP level 1. HP: 10/10 MP: 6/6
     0 | D:1      | magus.rc [v1.9.6]
   166 | D:1      | Reached XP level 2. HP: 15/15 MP: 6/8
   391 | D:1      | Reached skill level 3 in Stealth
   415 | D:1      | You pick up a book of Party Tricks and begin reading...
   415 | D:1      | You add the spells Apportation, Jinxbite and Alistair's
                  | Intoxication to your library.
   707 | D:1      | Reached skill level 3 in Dodging
   707 | D:1      | Reached XP level 3. HP: 19/19 MP: 5/10
  1718 | D:2      | Learned a level 2 spell: Searing Ray
  1722 | D:2      | Learned a level 3 spell: Dazzling Flash
  2084 | D:2      | Reached XP level 4. HP: 24/24 MP: 4/11
  2255 | D:2      | You pick up a book of Minor Magic and begin reading...
  2255 | D:2      | You add the spells Call Imp and Mephitic Cloud to your
                  | library.
  2298 | D:2      | Learned a level 3 spell: Mephitic Cloud
  2893 | D:3      | Reached skill level 4 in Spellcasting
  2893 | D:3      | Reached skill level 5 in Conjurations
  2893 | D:3      | Reached skill level 1 in Hexes
  2985 | D:4      | Noticed a phantom
  3003 | D:4      | Killed a phantom
  3004 | D:4      | Reached skill level 1 in Air Magic
  3004 | D:4      | Reached skill level 1 in Poison Magic
  3004 | D:4      | Reached XP level 5. HP: 27/28 MP: 2/13
  3151 | D:4      | Found an ornate altar of the Wu Jian Council.
  3155 | D:4      | Found a radiant altar of Vehumet.
  3156 | D:4      | Found a basalt altar of Yredelemnul.
  3156 | D:4      | Found a glowing silver altar of Zin.
  3166 | D:4      | Reached skill level 4 in Stealth
  3182 | D:4      | Noticed Menkaure
  3186 | D:4      | Reached skill level 2 in Hexes
  3189 | D:4      | Killed Menkaure
  3190 | D:4      | Reached skill level 4 in Dodging
  3190 | D:4      | Reached XP level 6. HP: 30/32 MP: 9/15
  3272 | D:4      | Found a sand-covered staircase.
  3277 | Ossuary  | Entered an ossuary
  3294 | Ossuary  | Reached skill level 2 in Poison Magic
  3312 | Ossuary  | HP: 12/48 [killer bee zombie (4)]
  3314 | Ossuary  | HP: 1/48 [hornet zombie (9)]
  3319 | Ossuary  | Mangled by a hornet zombie

Vanquished Creatures
  Menkaure (D:4)
  A hornet zombie (Ossuary)
  A phantom (D:4)
  A hound (D:4)
  An iguana (D:4)
  A mummy (Ossuary)
  An orc wizard (D:3)
  A killer bee zombie (Ossuary)
  An adder (D:2)
  A worm (D:2)
  2 dart slugs
  2 orcs (D:3)
  6 endoplasms
  7 giant cockroaches
  8 goblins
  7 hobgoblins
  3 jackals (D:2)
  4 kobolds
  8 ball pythons
  6 bats
  A frilled lizard (D:1)
  6 rats
70 creatures vanquished.

Table legend:
 A = Non-vault XP
 B = Vault XP
 C = Vault XP percentage of total XP
 D = Non-vault monster count
 E = Vault monster count
 F = Vault count percentage of total count
                 A         B        C        D         E       F
            +---------+---------+-------+---------+---------+-------
      Total |     336 |     375 |  52.7 |      61 |       9 |  12.9
            +---------+---------+-------+---------+---------+-------
        D:1 |      41 |       0 |   0.0 |      25 |       0 |   0.0
        D:2 |      57 |       9 |  13.6 |      23 |       5 |  17.9
        D:3 |      47 |       0 |   0.0 |       7 |       0 |   0.0
        D:4 |     191 |     165 |  46.3 |       6 |       1 |  14.3
    Ossuary |       0 |     201 | 100.0 |       0 |       3 | 100.0
            +---------+---------+-------+---------+---------+-------

Skill      XL: |  1  2  3  4  5  6 |
---------------+-------------------+-----
Stealth        | 3 4 |  4.6
Dodging        | 3 4 |  4.2
Spellcasting   | 4 |  4.9
Conjurations   | 5 |  5.5
Hexes          | 1 2 |  2.8
Air Magic      | 1 |  1.9
Poison Magic   | 1 2 |  2.1

Action                     |  1- 3 |  4- 6 || total
---------------------------+-------+-------++-------
  Melee: Dagger            |       |     7 ||     7
   Cast: Magic Dart        |    93 |    41 ||   134
         Searing Ray       |       |    10 ||    10
    Use: Scroll            |     4 |     4 ||     8
         Potion            |       |     3 ||     3
 Armour: Robe              |     5 |    21 ||    26
  Dodge: Dodged            |     7 |    14 ||    21

Illustrated notes

Table legend:
 A = Kills in this place as a percentage of kills in the entire game.
 B = Kills by you in this place as a percentage of kills by you in the entire game.
 C = Kills by friends in this place as a percentage of kills by friends in the entire game.
 D = Other kills in this place as a percentage of other kills in the entire game.
 E = Experience gained in this place as a percentage of experience gained in the entire game.
 F = Experience gained in this place divided by the number of levels of this place that you have seen.
                   A       B       C       D       E      F
               +-------+-------+-------+-------+-------+----------------------
         Total | 100.0 | 100.0 |   N/A |   N/A | 100.0 | 142.2
       Dungeon |  95.7 |  95.7 |   N/A |   N/A |  71.7 | 127.5
       Ossuary |   4.3 |   4.3 |   N/A |   N/A |  28.3 | 201.0
               +-------+-------+-------+-------+-------+----------------------

Table legend: (Time is in decaauts)
 A = Elapsed time spent in this place.
 B = Non-inter-level travel time spent in this place.
 C = Inter-level travel time spent in this place.
 D = Time resting spent in this place.
 E = Time spent auto-exploring this place.
 F = Levels seen in this place.
 G = Mean time per level.
                   A        B        C        D        E       F      G
               +--------+--------+--------+--------+--------+-----+--------+
         Total |   3315 |   3162 |    153 |    875 |   1785 |   5 |  663.0 |
       Dungeon |   3276 |   3123 |    153 |    862 |   1785 |   4 |  819.0 |
       Ossuary |     39 |     39 |      0 |     13 |      0 |   1 |   39.0 |
               +--------+--------+--------+--------+--------+-----+--------+

Top non-repeatable levels by time:
     D:2: 1745 daAuts
     D:1: 1045 daAuts
     D:4: 367 daAuts
     D:3: 117 daAuts
 Ossuary: 39 daAuts
